AoeStats
← danjo

Marketplace

504405572Analyzed
1v1 RM · 28d ago on Sep 5, 2026· 40m 46s· 2 players
Game mode
Random Map
Map size
Tiny (2 player)
Population
200
Speed
Normal
Resources
Standard
Victory
Conquest
Starting age
Dark Age
Ending age
Imperial Age
RankedLock teamsTeams togetherTeam positionsShared explorationLock speedFull tech treeHidden civsTurbo modeCheats
Victory
Defeat
🇩🇪 Gurjaras · Germany
1036
+14
988
-14
[COBRA] PANCHITO RENE
0:26 Loom
9:49 Feudal Age
15:15 Man-at-Arms
23:55 Castle Age
24:01 Cavalier
24:47 Crossbowman
26:24 Scale Barding Armor
27:11 Pikeman
28:53 Husbandry
danjo
12:05 Feudal Age
11:23 Loom
16:46 Castle Age
31:42 Fletching
32:18 Scale Barding Armor
38:45 Imperial Age
37:44 Wheelbarrow
37:20 Forging
38:12 Husbandry
38:25 Bloodlines
38:57 Gold Mining
Connection lost

Rejoining the realm…

Still unreachable

The connection could not be restored.

Session expired

The server has moved on; the page needs a fresh start.